Cogmind - Beta 10.2 --- EXPLORER MODE // 2021.08.25 @ 18:33:09 Player: UdenTiso Result: Destroyed by D-53 Grenadier with Mini Grenade Launcher Performance ------------- Evolutions (1) 500 Regions Visited (3) 600 Robots Destroyed (2) 10 Value Destroyed (20) 20 Prototype IDs (0) 0 Alien Tech Used (0) 0 Bonus (0) 0 TOTAL SCORE: 1130 Bonus ------- None Cogmind --------- Core Integrity 0/400 Matter 300/300 Energy 93/100 System Corruption 0% Temperature Cool (0) Movement Core (300) Ox5 Location -9/Mines Parts ------- > --- POWER (1) -------- (None) > --- PROPULSION (4) --- (None) > --- UTILITY (3) ------ Large Storage Unit Weapon Shielding > --- WEAPON (2) ------- (None) > --- INVENTORY (10) --- Light Ion Engine Light Treads Light Treads Improved Aluminum Leg Heat Shielding Medium Storage Unit Large Storage Unit Targeting Computer Power Shielding Assault Rifle Peak State ------------ > --- POWER ------------ Light Ion Engine > --- PROPULSION ------- Aluminum Leg Aluminum Leg Improved Aluminum Leg Improved Aluminum Leg > --- UTILITY ---------- Large Storage Unit ECM Suite Weapon Shielding > --- WEAPON ----------- Light Assault Rifle Light Assault Rifle > --- INVENTORY -------- Light Ion Engine Light Treads Light Treads Heat Shielding Medium Storage Unit Large Storage Unit Targeting Computer Power Shielding Assault Rifle [Rating: 13] Favorites ----------- Power Light Ion Engine Engine Light Ion Engine Propulsion Aluminum Leg Leg Aluminum Leg Utility Weapon Shielding Device ECM Suite Storage Large Storage Unit Protection Weapon Shielding Weapon Light Assault Rifle Ballistic Gun Light Assault Rifle Build | -11 -10 -9 -9 ------- Run | Scr Mat Mat Min Slots Evolved 3 | . 1 2 . Power . | . . . . Propulsion 2 | . . 2 . Utility 1 | . 1 . . Weapon . | . . . . Parts Attached 5 | . 2 3 . Power 1 | . . 1 . Engine 1 | . . 1 . Core . | . . . . Reactor . | . . . . Propulsion 2 | . . 2 . Treads . | . . . . Leg 2 | . . 2 . Wheel . | . . . . Hover . | . . . . Flight . | . . . . Utility 2 | . 2 . . Device 1 | . 1 . . Storage 1 | . 1 . . Processor . | . . . . Hackware . | . . . . Protection . | . . . . Artifact . | . . . . Weapon . | . . . . Energy Gun . | . . . . Energy Cannon . | . . . . Ballistic Gun . | . . . . Ballistic Cannon . | . . . . Launcher . | . . . . Special Weapon . | . . . . Impact Weapon . | . . . . Slashing Weapon . | . . . . Piercing Weapon . | . . . . Special Melee Weapon . | . . . . Unidentified Prototypes . | . . . . Parts Lost 8 | . . . 8 Power 1 | . . . 1 Propulsion 4 | . . . 4 Utility 1 | . . . 1 Weapon 2 | . . . 2 Highest Loss Streak 8 | . . . 8 Average Slot Usage (%) 94 | . 100 97 74 Engine 10 | . 12 10 5 Leg 31 | . 25 37 28 Device 10 | . 12 10 10 Storage 10 | . 12 10 10 Protection 10 | . 12 10 10 Ballistic Gun 20 | . 25 20 10 Naked Turns . | . . . . Heaviest Build 23 | 14 23 23 23 Greatest Support 46 | 20 20 46 33 Greatest Overweight (x) 5 | . 1 1 5 Average Overweight (x) . | . . . . Largest Inventory Capacity 10 | . 10 10 10 Average Capacity 9 | . 8 10 10 Most Carried 10 | . 8 9 10 Average Carried 8 | . 6 8 9 Final Capacity 10 | 8 10 10 10 Final Carried 10 | 7 8 9 10 Class Distribution -------------------- 100% | Hacker-Mutant Dominant Class ---------------- Hacker-Mutant | -10/Materials Hacker-Mutant | -9/Materials Hacker-Mutant | -9/Mines Resources | -11 -10 -9 -9 ----------- Run | Scr Mat Mat Min Matter Collected 237 | 179 31 . 27 Remotely . | . . . . Salvage Created 32 | . 32 . . Parts 1 | . 1 . . Haulers Intercepted . | . . . . Recyclers Shooed . | . . . . Parts Field Recycled . | . . . . Retrieved Matter . | . . . . Parts Self-Destructed . | . . . . Prevented . | . . . . Kills | -11 -10 -9 -9 ------- Run | Scr Mat Mat Min Combat Hostiles Destroyed 2 | . 2 . . Guns 2 | . 2 . . Classes Destroyed 1 | . 1 . . Swarmer 2 | . 2 . . Best Kill Streak 2 | . 2 . . Combat Bots Only 2 | . 2 . . Max Kills in Single Turn 1 | . 1 . . Gunslinging . | . . . . Exploded . | . . . . Melee . | . . . . Uniques/NPCs Destroyed . | . . . . Combat | -11 -10 -9 -9 -------- Run | Scr Mat Mat Min Damage Taken 1276 | . 54 89 1133 Core 421 | . 19 16 386 Absorbed by Shields . | . . . . Core Remaining (%) 96 | 100 92 . . Volleys Fired 5 | . 5 . . Largest 2 | . 2 . . Hottest 40 | . 40 . . Shots Fired 10 | . 10 . . Gun 10 | . 10 . . Cannon . | . . . . Launcher . | . . . . Special . | . . . . Kinetic 10 | . 10 . . Thermal . | . . . . Explosive . | . . . . Electromagnetic . | . . . . Robot Hit Streak 7 | . 7 . . Robot Miss Streak 1 | . 1 . . Penetration Max . | . . . . Secondary Targets 1 | . 1 . . Max Gunslinging Chain 1 | . 1 . . Shots Hit Robots 9 | . 9 . . Core Hits 4 | . 3 . 1 Critical Hits 1 | . 1 . . Critical Kills . | . . . . Critical Parts Destroyed 1 | . 1 . . Melee Attacks . | . . . . Impact . | . . . . Slashing . | . . . . Piercing . | . . . . Sneak Attacks . | . . . . Combat Hostiles . | . . . . Follow-up Attacks . | . . . . Damage Inflicted 132 | . 84 27 21 Guns 84 | . 84 . . Cannons . | . . . . Explosions . | . . . . Melee . | . . . . Ramming 48 | . . 27 21 Kinetic 84 | . 84 . . Thermal . | . . . . Explosive . | . . . . Electromagnetic . | . . . . Impact . | . . . . Slashing . | . . . . Piercing . | . . . . Highest Corruption . | . . . . Average Corruption . | . . . . Corruption Purged . | . . . . Overload Shots . | . . . . Overflow Damage . | . . . . Projectiles . | . . . . Explosions . | . . . . Melee . | . . . . Knockbacks . | . . . . Impact . | . . . . Kinetic . | . . . . Secondary . | . . . . Self-Inflicted Damage 7 | . . . 7 Shots . | . . . . Rammed 3 | . . . 3 Targets Rammed 10 | . . 5 5 Kicked 7 | . . 5 2 Crushed . | . . . . Highest Temperature . | . . . . Average Temperature . | . . . . Received Heat Transfer 314 | . . 54 260 Siege Activations . | . . . . Robots Corrupted . | . . . . Combat Hostiles . | . . . . Parts Fried . | . . . . Impact Corruptions . | . . . . Robots Melted . | . . . . Combat Hostiles . | . . . . Parts Melted . | . . . . Heat Transferred . | . . . . Parts Sabotaged . | . . . . Parts Stolen . | . . . . Parts Stripped . | . . . . Power Chain Reactions . | . . . . Missiles Intercepted . | . . . . Alert | -11 -10 -9 -9 ------- Run | Scr Mat Mat Min Peak Influence 95 | . 95 88 34 Initial 28 | . . 28 24 Average 41 | . 49 43 16 Maximum Alert Level . | . . . . Low Security (%) 100 | . 100 100 100 Level 1 . | . . . . Level 2 . | . . . . Level 3 . | . . . . Level 4 . | . . . . Level 5 . | . . . . High Security . | . . . . Max Security . | . . . . Squads Dispatched 1 | . . 1 . Investigation . | . . . . Extermination . | . . . . Reinforcement 1 | . . 1 . Assault . | . . . . Garrison . | . . . . Intercept . | . . . . Construction Impeded . | . . . . Haulers Reinforced . | . . . . Stealth | -11 -10 -9 -9 --------- Run | Scr Mat Mat Min Distress Signals . | . . . . Communications Jammed . | . . . . Distress Signals . | . . . . Times Spotted 37 | . 6 9 22 Peak Tracking Total 15 | . 3 8 15 Tactical Retreats . | . . . . Traps | -11 -10 -9 -9 ------- Run | Scr Mat Mat Min Traps Triggered 1 | . . 1 . Indirectly . | . . . . Trap Hack Attempts . | . . . . Triggered . | . . . . Disarmed . | . . . . Reprogrammed . | . . . . Reused . | . . . . Traps Extracted . | . . . . Installed . | . . . . Triggered . | . . . . Machines | -11 -10 -9 -9 ---------- Run | Scr Mat Mat Min Machines Disabled . | . . . . Max in Single Turn . | . . . . Machines Sabotaged . | . . . . Garrisons Compromised . | . . . . Overloaded Fab Kills . | . . . . Fab Network Shutdowns . | . . . . Hacking | -11 -10 -9 -9 --------- Run | Scr Mat Mat Min Machines Accessed 1 | . . . 1 Terminals 1 | . . . 1 Fabricators . | . . . . Repair Stations . | . . . . Recycling Units . | . . . . Scanalyzers . | . . . . Garrison Access . | . . . . Total Hacks 3 | . . . 3 Successful 1 | . . . 1 Failed 2 | . . . 2 Catastrophic . | . . . . Database Lockouts . | . . . . Manual . | . . . . Terminals 3 | . . . 3 Fabricators . | . . . . Repair Stations . | . . . . Recycling Units . | . . . . Scanalyzers . | . . . . Garrison Access . | . . . . Terminal Hacks 1 | . . . 1 Recall Investigation 1 | . . . 1 Fabricator Hacks . | . . . . Repair Station Hacks . | . . . . Recycling Unit Hacks . | . . . . Scanalyzer . | . . . . Garrison Access Hacks . | . . . . Unauthorized Hacks . | . . . . Terminals . | . . . . Fabricators . | . . . . Repair Stations . | . . . . Recycling Units . | . . . . Scanalyzers . | . . . . Garrison Access . | . . . . Data Cores Recovered . | . . . . Used . | . . . . Hacking Detections 1 | . . . 1 Full Trace Events . | . . . . Feedback Events . | . . . . Feedback Blocked . | . . . . Robot Schematics Acquired . | . . . . Robots Built . | . . . . Matter . | . . . . Time . | . . . . Total Robot Build Rating . | . . . . Part Schematics Acquired . | . . . . Parts Built . | . . . . Matter . | . . . . Time . | . . . . Total Part Build Rating . | . . . . Parts Repaired . | . . . . Time . | . . . . Parts Recycled . | . . . . Recycled Matter . | . . . . Retrieved Matter . | . . . . Retrieved Components . | . . . . Parts Scanalyzed . | . . . . Part Schematics Acquired . | . . . . Parts Damaged . | . . . . Bothacking | -11 -10 -9 -9 ------------ Run | Scr Mat Mat Min Used RIF Installer . | . . . . Robots Hacked . | . . . . Non-combat . | . . . . Combat . | . . . . Robot Hacks Applied . | . . . . Relay Couplers Released . | . . . . Robots Rewired . | . . . . Allies Hacked . | . . . . Hacks Repelled . | . . . . Allies | -11 -10 -9 -9 -------- Run | Scr Mat Mat Min Total Allies . | . . . . Largest Group . | . . . . Highest-Rated Group . | . . . . Highest-Rated Ally . | . . . . Total Orders . | . . . . Ally Attacks . | . . . . Total Damage . | . . . . Kills . | . . . . Allies Corrupted . | . . . . Allies Melted . | . . . . Intel | -11 -10 -9 -9 ------- Run | Scr Mat Mat Min Robot Analysis Total . | . . . . Derelict Logs Recovered . | . . . . Drone Launches . | . . . . Drone Recoveries . | . . . . Exploration | -11 -10 -9 -9 ------------- Run | Scr Mat Mat Min Turns Passed 455 | . 173 211 71 Spaces Moved 321 | 1 124 152 44 Core 6 | . . . 6 Treads . | . . . . Legs 315 | 1 124 152 38 Wheels . | . . . . Hover . | . . . . Flight . | . . . . Fastest Speed 120 | 120 120 120 120 Average Speed 128 | 120 127 123 147 Slowest Speed 300 | 120 150 150 300 Overloaded Moves . | . . . . Propulsion Burnouts . | . . . . Robots Hopped . | . . . . Cave-ins Triggered . | . . . . Exploration Rate (%) 18 | 1 30 22 19 Regions Visited 3 Branch Regions 1 Pre-discovered Areas . | . . . . Known Exits Taken 3 | 1 1 1 . Unknown Exits Taken . | . . . . Scrap Searched . | . . . . Spaces Dug . | . . . . Terrain Destroyed . | . . . . Melee . | . . . . Projectile . | . . . . AOE . | . . . . Terrain Rammed . | . . . . Walls Destroyed . | . . . . Machines Disabled . | . . . . Actions | -11 -10 -9 -9 --------- Run | Scr Mat Mat Min Total 353 | . 131 172 50 Wait 12 | . . 12 . Move 318 | . 123 151 44 Hop . | . . . . Pick Up 3 | . 1 1 1 Fast Attach 2 | . . 2 . Attach 1 | . 1 . . Detach . | . . . . Swap 2 | . 1 1 . Drop . | . . . . Fire 5 | . 5 . . Melee . | . . . . Ram . | . . . . Kick 10 | . . 5 5 Crush . | . . . . Escape Stasis . | . . . . Rewire . | . . . . Trap . | . . . . Miscellaneous . | . . . . Route ------- -11/Scrapyard -10/Materials (discovered 2 exits: *Mat / *Min) -9/Materials -9/Mines (discovered 1 exit: *Mat) History --------- Turn | Location | Event 1 | -11/Scrapyard | Identified exit to Materials 1 | -11/Scrapyard | Discovered exit to Materials (range 0) 1 | -11/Scrapyard | Entered Materials 1 | -10/Materials | Evolved 1 slot: Utility x1 78 | -10/Materials | Identified exit to Mines 78 | -10/Materials | Discovered exit to Mines (range 16) 165 | -10/Materials | Identified exit to Materials 165 | -10/Materials | Discovered exit to Materials (range 7) 174 | -10/Materials | Entered another Materials area 174 | -9/Materials | Evolved 2 slots: Propulsion x2 304 | -9/Materials | Build established: Hacker-Mutant 379 | -9/Materials | Identified exit to Mines 379 | -9/Materials | Discovered exit to Mines (range 6) 385 | -9/Materials | Entered Mines 386 | -9/Mines | Assembled infested the area 391 | -9/Mines | Assisted by a Guerilla fighting off Assembled 435 | -9/Mines | Core integrity fell below 50% 440 | -9/Mines | Identified exit to Materials 440 | -9/Mines | Discovered exit to Materials (range 15) 447 | -9/Mines | Core integrity fell below 20% 456 | -9/Mines | Destroyed by D-53 Grenadier with Mini Grenade Launcher Last Messages --------------- 00430_ as-48645 destroyed. 00431_ The unstable cave ceiling collapses. 00432_ Imp. Aluminum Leg destroyed. 00432_ as-14198 destroyed. 00434_ Imp. Aluminum Leg destroyed. 00436_ The unstable cave ceiling collapses. 00438_ Aluminum Leg destroyed. 00440_ The unstable cave ceiling collapses. 00440_ EXIT=FOUND: MATERIALS 00441_ The unstable cave ceiling collapses. 00442_ K-01 Serf collects debris. 00445_ The unstable cave ceiling collapses. 00445_ K-01 Serf collects debris. 00446_ The unstable cave ceiling collapses. 00450_ K-01 Serf collects debris. 00451_ The unstable cave ceiling collapses. 00451_ ECM Suite destroyed. 00451_ U-05 Engineer builds a Wall. 00455_ The unstable cave ceiling collapses. 00456_ U-05 Engineer builds a Wall. Map ----- +----------------------------------------------------+ | | | | | | | ????????????????????????????????? | | ????????????????????????????????? | | ?????????????????????#######????? | | ??????????????????### # ####?? | | ??????????????????# ##? | | ????????????????### # ## | | ?????????????#### ## | | ?????????????# ### | | ????????###### # " ## | | ?????##### # # ## | | ???### r ## | | ??## # % %! | | ??# r# # ### ## | | ??# d # # #?# # | | ??# d # ##?# # | | ??# # ###??#% # | | ??## #????#*""" # | | ???# ##????# """ # | | ???# # #####?????# """ # | | ???# # #?????????# # | | ???# # # #?????????######## | | ???# # #????????????????? | | ???# @ ## #????????????????? | | ???## ## #???????????????? | | ????## # #???????????????? | | ?????## %u #???????????????? | | ??????? #????????????????? | | ??????? k ##????????????????? | | ??????? % % ##?????????????????? | | ?????? ##??????????????????? | | ??????% #???????????????????? | | ?????? < ???????????????????? | | ?????? ???????????????????? | | ?????### """ ??????????????????? | | ????????# """ ??????????????????? | | ????????? "??? ?????????????????? | | ????????? ??????????????????????? | | ????????? ??????????????????????? | | ????????????????????????????????? | | ????????????????????????????????? | | ????????????????????????????????? | | ????????????????????????????????? | | ????????????????????????????????? | | ????????????????????????????????? | | ????????????????????????????????? | | ????????????????????????????????? | | ????????????????????????????????? | +----------------------------------------------------+ Best States ------------- Heat Dissipation 28 Energy Generation 10 Energy Capacity 125 Matter Stores 300 Matter Capacity 300 Sight Range 16 Terrain Scan Density 10 ECM Strength 1 Resistance: KI 35 Resistance: TH 35 Resistance: EX 35 Resistance: EM 35 Resistance: I 35 Resistance: S 35 Resistance: P 35 Weapon Shielding 33 Evasion (%) 40 Offensive Hacking 20 Item Schematics ----------------- None Robot Schematics ------------------ None Fabricated ------------ Nothing Alien Tech Used ----------------- None Achievements -------------- None Challenges ------------ None Game ------ Seed SurveybotManeuveringCycler Manual? 0 Play Time 00:09:35 Cumulative 10.6 hours Start 2021.08.25 @ 18:23:25 End 2021.08.25 @ 18:33:09 Sessions 1 Manual Loads 0 Difficulty Explorer Special Mode None Game No. 16 Rogue 0 Adventurer 9 Explorer 7 Win Type - Total 0 Types 0/0/0/0/0/0/0/0/0 Lore% 19 Gallery% 21 Achievement% 19 Wizard Run 0 Options --------- ASCII 0 Keyboard 0 Movement Mouse Keybinds 0 Fullscreen 1 Font 18/X11 Map View 76x50 Tactical HUD 1 Map Filters NONE Filters NONE Steam 1 RUN: 574a28e3-48e9-4b75-b3b3-5d730ff2cb23